 Dungeon Crawl Stone Soup version 0.29-a0-294-g83ea962da3 (webtiles) character file.

Game seed: 13359977754497887392

347 kae the Firebug (level 6, -19/32 HPs)
             Began as a Tengu Fire Elementalist on Mar 18, 2022.
             Was an Initiate of Vehumet.
             Demolished by a small abomination (22 damage)
             ... on level 1 of the Abyss.
             The game lasted 00:03:33 (5881 turns).

kae the Firebug (Tengu Fire Elementalist)           Turns: 5881, Time: 00:03:33

Health: -19/32     AC:  2    Str:  5    XL:     6   Next: 59%
Magic:  6/11       EV: 14    Int: 23    God:    Vehumet [......]
Gold:   147        SH:  0    Dex: 14    Spells: 2/11 levels left

rFire   . . .      SeeInvis +   l - +9 whip of the Usurping Gods {vorpal, Will+ Str-3 Int+5 SInv}
rCold   . . .      Faith    .   (no shield)
rNeg    . . .      Spirit   .   a - +0 robe
rPois   .          Reflect  .   (helmet restricted)
rElec   .          Harm     .   (no cloak)
rCorr   .          Rampage  .   (no gloves)
Will    +....                   (boots unavailable)
Stlth   ++........              (no amulet)
HPRegen 0.10/turn               (no ring)
MPRegen 0.12/turn               (no ring)

@: flying quickly and evasively, quick
A: beak, talons 3, nimble flight
a: Renounce Religion


You were on level 1 of the Abyss.
You worshipped Vehumet.
Vehumet was noncommittal.
You visited 1 branch of the dungeon, and saw 5 of its levels.
You visited the Abyss 1 time.

You collected 268 gold pieces.
You spent 121 gold pieces at shops.

Inventory:

Hand Weapons
 l - the +9 whip of the Usurping Gods (weapon) {vorpal, Will+ Str-3 Int+5 SInv}
   (You found it on level 2 of the Dungeon)

   It inflicts extra damage upon your enemies.
   Str:       It affects your strength (-3).
   Int:       It affects your intelligence (+5).
   SInv:      It lets you see invisible.
   Will:      It increases your willpower.
Armour
 a - a +0 robe (worn)
Jewellery
 h - a +6 ring of intelligence
 o - a ring of ice
Wands
 i - a wand of polymorph (1)
Scrolls
 g - a scroll of torment
Potions
 b - a potion of magic
 c - a potion of flight
 d - 2 potions of curing
 e - a potion of berserk rage {unknown}
 f - 2 potions of lignification
 j - a potion of haste {unknown}
 k - 2 potions of ambrosia {unknown}
 m - 3 potions of heal wounds


   Skills:
 + Level 2.2 Maces & Flails
 - Level 2.1 Dodging
 - Level 2.0 Stealth
 + Level 3.3 Spellcasting
 + Level 4.0 Conjurations
 * Level 5.8 Fire Magic


You had 2 spell levels left.
You knew the following spells:

 Your Spells              Type           Power      Damage    Failure   Level
a - Foxfire               Conj/Fire      100%       2x1d9     1%          1
b - Scorch                Fire           60%        2d8       1%          2
c - Conjure Flame         Conj/Fire      26%        6-21      4%          3
d - Inner Flame           Hex/Fire       17%        N/A       11%         3

Your spell library contained the following spells:

 Spells                   Type           Power      Damage    Failure   Level
 Animate Skeleton         Necr           6%         N/A       12%         1
 Apportation              Tloc           6%         N/A       12%         1
 Summon Small Mammal      Summ           12%        N/A       12%         1
 Ensorcelled Hibernation  Hex/Ice        6%         N/A       17%         2
 Flame Wave               Conj/Fire      26%        2d7       16%         4
 Ozocubu's Armour         Ice            3%         N/A       34%         3
 Spider Form              Tmut/Pois      3%         N/A       34%         3
 Anguish                  Hex/Necr       1%         N/A       75%         4
 Ozocubu's Refrigeration  Ice            1%         4d5       100%        7


Dungeon Overview and Level Annotations

Branches:
Dungeon (5/15)
 Temple: D:4-7

Altars:
Gozag
Hepliaklqana
Kikubaaqudgha
Nemelex Xobeh
Qazlal
Uskayaw
Vehumet
Wu Jian

Shops:
D:1 !


Innate Abilities, Weirdness & Mutations

You have a beak for a mouth.
You have claws for feet.
Your magical nature lets you fly swiftly and evasively.


Message History

Okay, then.
Okay, then.
Okay, then.
A neqoxec comes into view.
A tentacled starspawn comes into view.
A spatial vortex comes into view.
As you read the scroll of teleportation, it crumbles to dust.
You feel strangely unstable.
You feel the power of the Abyss delaying your translocation!
A tormentor comes into view.
You are suddenly pulled into a different region of the Abyss!
Unknown command.
Unknown command.
Unknown command.
You start resting.
A small abomination comes into view.
Casting: Scorch (safe; 1% risk of failure)
Confirm with . or Enter, or press ? or * to list all spells.
You conjure some foxfire!
The small abomination barely misses you.
The small abomination barely misses you.
The small abomination closely misses you.
Casting: Foxfire (safe; 1% risk of failure)
Confirm with . or Enter, or press ? or * to list all spells.
Flames lash the small abomination.
The small abomination is lightly damaged.
The small abomination's fire resistance burns away.
The small abomination hits you!
The small abomination hits you but does no damage.
The small abomination hits you!
* * * LOW HITPOINT WARNING * * *
Casting: Scorch (safe; 1% risk of failure)
Confirm with . or Enter, or press ? or * to list all spells.
Flames lash the small abomination.
The small abomination is burned terribly!
The small abomination is moderately damaged.
The small abomination barely misses you.
The small abomination hits you!!
Ouch! That really hurt!
You die...

.#.. .. ..##
## ###... #.
#.. ....# .#
## . #..####.
#
....#...#.###
#.....#...# #
..#.. #@# # .
.. ##x# # #.
... . ...# ..
.....
..##.### . #
##


You could see a small abomination (combustible).

Vanquished Creatures
  An orc priest (D:5)
  A jelly (D:4)
  2 iguanas
  2 orc wizards
  Ijyb (D:3)
  6 adders
  An ufetubus (D:3)
  3 worms
  2 dart slugs
  6 orcs
  5 ball pythons
  6 endoplasms
  3 giant cockroaches
  10 goblins
  9 hobgoblins
  3 jackals (D:2)
  4 quokkas
  3 bats
  4 frilled lizards
  8 kobolds
  6 rats
86 creatures vanquished.

Vanquished Creatures (collateral kills)
  2 foxfires (D:1)
2 creatures vanquished.

Vanquished Creatures (others)
  286 foxfires
286 creatures vanquished.

Grand Total: 374 creatures vanquished

Notes
Turn   | Place    | Note
-------+----------+-------------------------------------------
     0 | D:1      | kae the Tengu Fire Elementalist began the quest for the
                  | Orb.
     0 | D:1      | Reached XP level 1. HP: 10/10 MP: 4/4
   404 | D:1      | Reached XP level 2. HP: 15/15 MP: 1/6
   628 | D:1      | Found Dirus's Distillery.
   667 | D:1      | Bought a potion of lignification for 33 gold pieces
  1205 | D:1      | Reached skill level 4 in Fire Magic
  1205 | D:1      | Reached XP level 3. HP: 19/19 MP: 4/7
  2438 | D:2      | Reached XP level 4. HP: 24/24 MP: 5/8
  2454 | D:2      | Identified the +9 whip of the Usurping Gods {vorpal, Will+
                  | Str-3 Int+5 SInv}
  2691 | D:2      | Found a faded altar of an unknown god.
  3096 | D:3      | Noticed Ijyb
  3108 | D:3      | Killed Ijyb
  3538 | D:3      | Reached skill level 1 in Maces & Flails
  3538 | D:3      | Gained mutation: Your magical nature lets you fly swiftly
                  | and evasively. [Tengu growth]
  3538 | D:3      | Reached XP level 5. HP: 28/28 MP: 8/10
  4015 | D:3      | Found an opulent altar of Gozag.
  4020 | D:3      | Found an ancient bone altar of Kikubaaqudgha.
  4026 | D:3      | Found a hazy altar of Hepliaklqana.
  4029 | D:3      | Found an ornate altar of the Wu Jian Council.
  4031 | D:3      | Found a radiant altar of Vehumet.
  4036 | D:3      | Found a hide-covered altar of Uskayaw.
  4355 | D:1      | Bought a potion of heal wounds for 55 gold pieces
  4355 | D:1      | Bought a potion of curing for 33 gold pieces
  4426 | D:3      | Became a worshipper of Vehumet
  4529 | D:4      | Learned a level 2 spell: Scorch
  4533 | D:4      | Learned a level 3 spell: Conjure Flame
  4537 | D:4      | Learned a level 3 spell: Inner Flame
  4548 | D:4      | Found a stormy altar of Qazlal.
  4611 | D:4      | Reached skill level 5 in Fire Magic
  4955 | D:4      | Found a sparkling altar of Nemelex Xobeh.
  4996 | D:4      | Reached XP level 6. HP: 17/32 MP: 4/11
  5289 | D:5      | Entered Level 5 of the Dungeon
  5752 | D:5      | Cast into level 1 of the Abyss (gnoll sergeant)
  5785 | Abyss:1  | Noticed a smoke demon
  5799 | Abyss:1  | Noticed a neqoxec
  5818 | Abyss:1  | Noticed a neqoxec
  5819 | Abyss:1  | Noticed a tentacled starspawn
  5821 | Abyss:1  | Noticed a spatial vortex
  5824 | Abyss:1  | Noticed a tormentor
  5875 | Abyss:1  | Noticed a small abomination
  5881 | Abyss:1  | Demolished by a small abomination

Illustrated notes

Levels and vault maps discovered:
D:1:      evilmike_arrival_home_sweet_home, layout_basic, serial_shops, shop
D:2:      layout_basic, basic_ecumenical_altar, minmay_quantized
D:3:      layout_loops_corners, nicolae_overflow_hallway_of_the_gods,
          serial_park_tiny_pond, uniq_ijyb
D:4:      layout_rooms, mainiacjoe_overflow_alcove_2, lemuel_tele_altar
D:5:      layout_cave_pools, nicolae_yredelemnul_corpse_copse, temple_statues,
          uniq_grinder, uniq_menkaure
Abyss:1:  base: D:3, minivault_28

Skill      XL: |  1  2  3  4  5  6 |
---------------+-------------------+-----
Conjurations   | 2 3 4 |  4.0
Fire Magic     | 4 5 |  5.8
Maces & Flails | 1 2 |  2.2
Spellcasting   | 3 |  3.3
Dodging        | |  2.1
Stealth        | |  2.0

Action                   |  1- 3 |  4- 6 || total
-------------------------+-------+-------++-------
Melee: Unarmed           |     4 |       ||     4
       Kick              |     3 |     1 ||     4
       Peck              |     2 |     1 ||     3
       Whip              |       |    13 ||    13
 Cast: Foxfire           |    99 |    80 ||   179
       Scorch            |       |    18 ||    18
  Use: Scroll            |     3 |     7 ||    10
Armor: Robe              |     3 |     7 ||    10
Dodge: Dodged            |    14 |    53 ||    67

Table legend: (Time is in decaauts)
 A = Elapsed time spent in this place.
 B = Non-inter-level travel time spent in this place.
 C = Inter-level travel time spent in this place.
 D = Time resting spent in this place.
 E = Time spent auto-exploring this place.
 F = Levels seen in this place.
 G = Mean time per level.
                   A        B        C        D        E       F      G
               +--------+--------+--------+--------+--------+-----+--------+
         Total |   5772 |   5533 |    239 |    421 |   4421 |   6 |  962.0 |
       Dungeon |   5649 |   5410 |    239 |    355 |   4421 |   5 | 1129.8 |
         Abyss |    123 |    123 |      0 |     66 |      0 |   1 |  123.0 |
               +--------+--------+--------+--------+--------+-----+--------+

Top non-repeatable levels by time:
     D:1: 1488 daAuts
     D:2: 1468 daAuts
     D:3: 1430 daAuts
     D:4: 1156 daAuts
 Abyss:1: 123 daAuts
     D:5: 105 daAuts
